 Dungeon Crawl Stone Soup version 0.28.0-45-g0d030f2227 (webtiles) character file.

Game seed: 12989483667007629386

42 DuloT34 the Chiller (level 3, -1/26 HPs)
             Began as a Human Wanderer on May 19, 2022.
             Slain by Terence
             ... wielding a +1 flail of protection
              (6 damage)
             ... on level 3 of the Dungeon.
             The game lasted 00:04:42 (2304 turns).

DuloT34 the Chiller (Human Wanderer)                Turns: 2304, Time: 00:04:43

Health: -1/26      AC:  8    Str: 20    XL:     3   Next: 80%
Magic:  1/5        EV: 10    Int: 17    God:
Gold:   104        SH:  0    Dex: 10    Spells: 1/5 levels left

rFire   . . .      SeeInvis .     - Unarmed
rCold   . . .      Faith    .   (no shield)
rNeg    . . .      Spirit   .   b - +0 scale mail
rPois   .          Reflect  .   (no helmet)
rElec   .          Harm     .   a - +0 cloak
rCorr   .          Rampage  .   e - +0 pair of gloves {Str+3}
Will    .....                   (no boots)
Stlth   ..........              (no amulet)
HPRegen 0.08/turn               d - +6 ring of intelligence
MPRegen 0.09/turn               (no ring)

@: very slightly contaminated
A: no striking features
a: no special abilities


You were on level 3 of the Dungeon.
You visited 1 branch of the dungeon, and saw 3 of its levels.

You collected 104 gold pieces.

Inventory:

Armour
 a - a +0 cloak (worn)
 b - a +0 scale mail (worn)
 e - a +0 pair of gloves of strength (worn)
Jewellery
 d - a +6 ring of intelligence (left hand)
Scrolls
 c - a scroll of fog


   Skills:
 + Level 1.0 Fighting
 - Level 1.0 Armour
 - Level 1.7 Dodging
 - Level 3.0 Unarmed Combat
 * Level 1.8 Spellcasting
 - Level 4.3 Ice Magic


You had one spell level left.
You knew the following spells:

 Your Spells              Type           Power      Damage    Failure   Level
a - Freeze                Ice            64%        1d8       10%         1
b - Ozocubu's Armour      Ice            16%        N/A       30%         3

Your spell library contained the following spells:

 Spells                   Type           Power      Damage    Failure   Level
 Ensorcelled Hibernation  Hex/Ice        16%        N/A       36%         2


Dungeon Overview and Level Annotations

Branches:
Dungeon (3/15)

Altars:

Annotations:
D:3 Terence


Message History

You feel less invigorated.
You feel less confused.
Casting: Freeze (safe; 10% risk of failure)
Confirm with . or Enter, or press ? or * to list all spells.
The spell is extremely dangerous to miscast (30% risk of failure)!
Continue anyway?
You miscast Ozocubu's Armour.
You are very lightly contaminated with residual magic.
Nothing appears to happen.
Terence hits you but does no damage.
Casting: Ozocubu's Armour (extremely dangerous; 30% risk of failure)
Confirm with . or Enter, or press ? or * to list all spells.
You don't know that spell.
Casting: Ozocubu's Armour (extremely dangerous; 30% risk of failure)
Confirm with . or Enter, or press ? or * to list all spells.
Aiming: Freeze (safe; 10% risk of failure)
Press: ? - help, Shift-Dir - straight line, f/p - Terence
Aim: Terence, wielding a +1 flail of protection and wearing a +0 scale mail (severely wounded)
You freeze Terence.
Terence is severely wounded.
Terence hits you with a +1 flail of protection.
Casting: Freeze (safe; 10% risk of failure)
Confirm with . or Enter, or press ? or * to list all spells.
Aiming: Freeze (safe; 10% risk of failure)
Press: ? - help, Shift-Dir - straight line, f/p - Terence
Aim: Terence, wielding a +1 flail of protection and wearing a +0 scale mail (severely wounded)
You miscast Freeze.
Nothing appears to happen.
Terence hits you with a +1 flail of protection.
You closely miss Terence.
Terence is severely wounded.
Terence hits you with a +1 flail of protection.
You hit Terence.
Terence is severely wounded.
Terence hits you with a +1 flail of protection.
You hit Terence but do no damage.
Terence is severely wounded.
Terence hits you with a +1 flail of protection!
* * * LOW HITPOINT WARNING * * *
You hit Terence but do no damage.
Terence is severely wounded.
Terence hits you with a +1 flail of protection.
You die...

#.....#.@###
.### #...##
...# #..## #..
#...# #.##
#.#.#######<.#
#.#........#.#
#.#........#.#
#.#...@....#..
..#...@....##..
.##........#
##.
.#....(...(# .#
#...........# .
#...........#
...........##
#..........#
#..........#


You could see Terence.

Vanquished Creatures
  2 dart slugs (D:1)
  2 bats (D:1)
  2 endoplasms
  4 giant cockroaches
  3 goblins (D:1)
  2 hobgoblins (D:2)
  4 jackals (D:1)
  A quokka (D:2)
  4 ball pythons
  A frilled lizard (D:1)
  5 kobolds (D:1)
  5 rats
35 creatures vanquished.

Vanquished Creatures (others)
  A plant (D:1)
1 creature vanquished.

Grand Total: 36 creatures vanquished

Notes
Turn   | Place    | Note
-------+----------+-------------------------------------------
     0 | D:1      | DuloT34 the Human Wanderer began the quest for the Orb.
     0 | D:1      | DuloT34 set off with the following items: a +0 club, a +0
                  | scale mail, a scroll of fog; and the following spell
                  | memorised: Freeze; and the following spells available to
                  | memorise: Ozocubu's Armour, Ensorcelled Hibernation
     0 | D:1      | Reached XP level 1. HP: 13/13 MP: 2/2
   265 | D:1      | Reached XP level 2. HP: 11/19 MP: 0/3
   923 | D:1      | Reached XP level 3. HP: 20/25 MP: 0/4
  1258 | D:1      | Learned a level 3 spell: Ozocubu's Armour
  1765 | D:2      | Found a faded altar of an unknown god.
  1880 | D:2      | Reached skill level 1 in Fighting
  2266 | D:3      | Noticed Terence
  2304 | D:3      | Slain by Terence

Illustrated notes

Levels and vault maps discovered:
D:1:      evilmike_arrival_rings, layout_basic, minmay_misc_feat_diagonals,
          minmay_door_square, serial_bayou_lagoon_b
D:2:      layout_rooms, ebering_ecumenical_altar_ruins
D:3:      layout_rooms, uniq_robin, uniq_terence, uniq_ijyb

Skill      XL: |  1  2  3 |
---------------+----------+-----
Fighting       | 1 |  1.0
Armour         | |  1.0
Dodging        | |  1.7
Unarmed Combat | |  3.0
Spellcasting   | |  1.8
Ice Magic      | |  4.3

Action                   || total
-------------------------++-------
Melee: Unarmed           ||   106
 Cast: Freeze            ||    22
  Use: Potion            ||     1
Armor: Scale mail        ||    46
Dodge: Dodged            ||    60
